 Dungeon Crawl Stone Soup version 0.29.0-15-g675c0067aa (webtiles) character file.

Game seed: 16098799778175595075

21 Jakudza the Gusty (level 2, 15/15 HPs)
             Began as a Tengu Air Elementalist on Sept 12, 2022.
             Quit the game on level 1 of the Dungeon.
             The game lasted 00:05:11 (1122 turns).

Jakudza the Gusty (Tengu Air Elementalist)          Turns: 1122, Time: 00:05:12

Health: 15/15      AC:  2    Str:  8    XL:     2   Next: 83%
Magic:  6/6        EV: 12    Int: 15    God:
Gold:   73         SH:  0    Dex: 14    Spells: 4/5 levels left

rFire   . . .      SeeInvis .   d - +0 short sword
rCold   . . .      Faith    .   (no shield)
rNeg    . . .      Spirit   .   a - +0 robe
rPois   .          Reflect  .   (helmet restricted)
rElec   .          Harm     .   (no cloak)
rCorr   .          Rampage  .   (no gloves)
Will    .....                   (boots unavailable)
Stlth   ++........              (no amulet)
HPRegen 0.05/turn               (no ring)
MPRegen 0.10/turn               (no ring)

@: no status effects
A: beak, talons 3
a: no special abilities


You were on level 1 of the Dungeon.
You visited 1 branch of the dungeon, and saw 1 of its levels.

You collected 73 gold pieces.

Inventory:

Hand Weapons
 d - a +0 short sword (weapon)
Armour
 a - a +0 robe (worn)
Scrolls
 e - a scroll of identify
Potions
 b - a potion of magic


   Skills:
 + Level 2.5 Dodging
 - Level 2.1 Stealth
 * Level 2.2 Spellcasting
 + Level 2.0 Conjurations
 * Level 4.3 Air Magic


You had 4 spell levels left.
You knew the following spells:

 Your Spells              Type           Power      Damage    Failure   Level
a - Shock                 Conj/Air       44%        1d5       6%          1

Your spell library contained the following spells:

 Spells                   Type           Power      Damage    Failure   Level
 Static Discharge         Conj/Air       11%        3-5/arc   9%          2
 Swiftness                Air            14%        N/A       11%         3
 Mephitic Cloud           Conj/Pois/Air  8%         N/A       26%         3
 Airstrike                Air            7%         2d(1-17)  34%         4
 Ignite Poison            Fire/Tmut/Pois 1%         N/A       54%         3
 Freezing Cloud           Conj/Ice/Air   4%         6-21      94%         5


Dungeon Overview and Level Annotations

Branches:
Dungeon (1/15)

Altars:


Innate Abilities, Weirdness & Mutations

You have a beak for a mouth.
You have claws for feet.


Message History

Confirm with . or Enter, or press ? or * to list all spells.
You can't see any susceptible monsters within range! (Use Z to cast anyway.)
Casting: Shock (safe; 6% risk of failure)
Confirm with . or Enter, or press ? or * to list all spells.
Aiming: Shock (safe; 6% risk of failure)
Press: ? - help, Shift-Dir - straight line
Okay, then.
You can't see any susceptible monsters within range! (Use Z to cast anyway.) It was a potion of curing.
You feel better.
(D) Dungeon
Where to? (? - help)
What level of the Dungeon? (default 1, ? - help) Sorry, I don't know how to get there.
You can't see any susceptible monsters within range! (Use Z to cast anyway.) Unknown command.
Unknown command.
Unknown command.
No target in view!
Unknown command.
Unknown command.
Unknown command.
There are no items here.
Unknown command.
There are no items here.
Unknown command.
No target in view!
Unknown command.
Unknown command.
Unknown command.
Unknown command.
Unknown command.
Unknown command.
Unknown command.
There are no items here.
There are no items here.
There are no items here.
There are no items here.
There are no items here.
Unknown command.
Are you sure you want to abandon this character and quit the game? (Confirm with "yes".)

.....#
#.#.♣♣⌠..8..⌠♣♣♣#
#.# .....#
♣.⌠.......⌠..# #.#
.....#
♣...8.<.8..♣♣# #.#
.....+
#.♣⌠.......⌠.♣#
#.# .....#
♣.⌠..8..⌠.♣.# #.#
.....#
#§♣♣⌠...⌠♣♣.## #..
###+## #
♣..⌠.⌠..♣♣# #..
#..♣♣♣♣.♣♣.∩# #.#
#
##+####§♣.@♣♣.♣☼##
#.# .. #....##
#♣♣.♣.### #.#
.######....# #####
###.# .#.........#
#....
.#.#.#.....#######
#.#.#
.#.#.#.#####.....#
#.#.# .#.#.#.#
#.....#
#######+#.#
...#.#.#####.....#
#..........
...#.#.....#.....#
#..........


There were no monsters in sight!

Vanquished Creatures
  A dart slug (D:1)
  A bat (D:1)
  2 endoplasms (D:1)
  A giant cockroach (D:1)
  2 goblins (D:1)
  3 kobolds (D:1)
  2 quokkas (D:1)
  4 ball pythons (D:1)
  A frilled lizard (D:1)
17 creatures vanquished.

Notes
Turn   | Place    | Note
-------+----------+-------------------------------------------
     0 | D:1      | Jakudza the Tengu Air Elementalist began the quest for the
                  | Orb.
     0 | D:1      | Reached XP level 1. HP: 10/10 MP: 4/4
   336 | D:1      | Found a faded altar of an unknown god.
   442 | D:1      | Reached XP level 2. HP: 15/15 MP: 0/6
  1122 | D:1      | Quit the game

Illustrated notes

Levels and vault maps discovered:
D:1:      heliophobic_arrival_enchanted_forest, layout_basic,
          nicolae_ecumenical_snake_handling

Skill      XL: |  1  2 |
---------------+-------+-----
Conjurations   | 2 |  2.0
Dodging        | |  2.5
Stealth        | |  2.1
Spellcasting   | |  2.2
Air Magic      | |  4.3

Action                   || total
-------------------------++-------
Melee: Unarmed           ||     8
       Kick              ||     2
       Peck              ||     2
 Cast: Shock             ||    35
  Use: Scroll            ||     4
       Potion            ||     1
Armor: Robe              ||     3
Dodge: Dodged            ||     7
